 Dungeon Crawl Stone Soup version 0.27-a0-385-g3208abaabc (webtiles) character file.

Game seed: 4647012352854605724

872 dolemite99 the Ruffian (level 7, -8/66 HPs)
             Began as a Troll Delver on Feb 20, 2021.
             Was a Priest of Fedhas.
             Mangled by an orc warrior
             ... wielding a +0 halberd
              (15 damage)
             ... on level 6 of the Dungeon.
             The game lasted 00:06:30 (5117 turns).

dolemite99 the Ruffian (Troll Delver)               Turns: 5117, Time: 00:06:31

Health: -8/66      AC:  4    Str: 23    XL:     7   Next: 74%
Magic:  8/9        EV: 10    Int:  6    God:    Fedhas [***...]
Gold:   336        SH:  0    Dex: 11    Spells: 6/6 levels left

rFire    . . .     SeeInvis .     - Unarmed
rCold    . . .     Faith    .   (no shield)
rNeg     . . .     Spirit   .   a - +0 robe
rPois    .         Reflect  .   (helmet restricted)
rElec    .         Harm     .   (no cloak)
rCorr    .         Rampage  .   (gloves unavailable)
Will     .....                  (boots unavailable)
Stlth    ++........             l - amulet of the acrobat
HPRegen  1.21/turn              (no ring)
MPRegen  0.11/turn              (no ring)

@: hasted, very quick
A: large, unfitting armour, claws 3, regeneration 1, shaggy fur 1, tough skin 1
a: Renounce Religion, Wall of Briars, Grow Ballistomycete


You were on level 6 of the Dungeon.
You worshipped Fedhas.
Fedhas was most pleased with you.
You visited 1 branch of the dungeon, and saw 6 of its levels.

You collected 336 gold pieces.

Inventory:

Missiles
 g - 192 stones (quivered)
 u - 53 poisoned darts
 y - 4 javelins
 B - 38 bolts
 C - 3 curare-tipped darts
 F - 17 sling bullets
Armour
 a - a +0 robe (worn)
Jewellery
 l - an amulet of the acrobat (around neck)
 m - a ring of magical power {unknown}
 r - a ring of ice {unknown}
Wands
 f - a wand of digging (3)
 h - a wand of flame (22)
 k - a wand of charming (9)
 n - a wand of polymorph (11)
Scrolls
 b - a scroll of fog
 c - 4 scrolls of magic mapping
 d - a scroll of fear
 j - a scroll of blinking {unknown}
 p - 3 scrolls of noise {unknown}
 v - 5 scrolls of identify {unknown}
 x - 2 scrolls of teleportation {unknown}
 E - a scroll of enchant weapon {unknown}
 H - 2 scrolls of amnesia {unknown}
 I - a scroll of random uselessness {unknown}
Potions
 e - a potion of haste
 o - 2 potions of brilliance {unknown}
 q - a potion of lignification {unknown}
 s - 3 potions of attraction {unknown}
 t - 7 potions of curing {unknown}
 w - 3 potions of mutation {unknown}
 z - a potion of degeneration {unknown}
 A - 4 potions of flight {unknown}
 D - a potion of heal wounds {unknown}
 G - a potion of might {unknown}


   Skills:
 - Level 2.4 Fighting
 - Level 1.5 Dodging
 - Level 2.7 Stealth
 + Level 7.6 Unarmed Combat
 - Level 4.2 Invocations


You had 6 spell levels left.
You didn't know any spells.
Your spell library was empty.

Dungeon Overview and Level Annotations

Branches:
Dungeon (6/15)
 Temple: D:4-7

Altars:
Ashenzari
Elyvilon
Fedhas
Hepliaklqana
Kikubaaqudgha
Nemelex Xobeh
Ru
Trog
Wu Jian
Xom


Innate Abilities, Weirdness & Mutations

You are too large for most types of armour.
You have claws for hands.
Your natural rate of healing is unusually fast.
You are covered in fur. (AC +1)
You have tough skin. (AC +1)


Message History

The orc closely misses you.
Throw: 195 stones
Press: ? - help, Q - select action, (/) - cycle Shift-Dir - straight line, f/p - orc warrior
Aim: an orc warrior, wielding a +0 halberd and wearing a +0 plate armour (heavily wounded, ally target, 56% to hit)
You throw a stone.
The stone hits the orc warrior but does no damage.
The orc warrior is heavily wounded.
The orc warrior barely misses you. The orc hits you but does no damage.
Throw: 194 stones
Press: ? - help, Q - select action, (/) - cycle Shift-Dir - straight line, f/p - orc warrior
Aim: an orc warrior, wielding a +0 halberd and wearing a +0 plate armour (heavily wounded, ally target, 56% to hit)
You throw a stone.
The stone hits the orc warrior but does no damage.
The orc warrior is heavily wounded.
The orc warrior hits you from afar with a +0 halberd!!
Throw: 193 stones
Press: ? - help, Q - select action, (/) - cycle Shift-Dir - straight line, f/p - orc warrior
Aim: an orc warrior, wielding a +0 halberd and wearing a +0 plate armour (heavily wounded, ally target, 56% to hit)
You throw a stone.
The stone hits the orc warrior but does no damage.
The orc warrior is heavily wounded.
The orc closely misses you. The orc warrior closely misses you.
You walk carefully through the plants.
The orc completely misses you.
The orc warrior hits you with a +0 halberd!
* * * LOW HITPOINT WARNING * * *
The orc barely misses you.
You closely miss the orc warrior.
The orc warrior is heavily wounded.
The orc warrior hits you with a +0 halberd!
* * * LOW HITPOINT WARNING * * *
You feel yourself speed up. The orc barely misses you.
The orc warrior closely misses you.
You scratch the orc warrior but do no damage.
The orc warrior is heavily wounded.
The orc closely misses you.
You closely miss the orc warrior.
The orc warrior is heavily wounded.
The orc warrior hits you with a +0 halberd!
You die...
Fedhas appreciates your contribution to the ecosystem.

... #.....#.# #.## ...
##.....#.###.## #..#
#......'....... #..#
#......#...#.## #
#..#####......#....... .. #..
#.............+.......
#.##.>###..P####......#.......
...#.......P.P)#..............
.......#...PP@o#.######.#.#.##
.......+...(o..#......#.....#_
#......#.......#..............
.......#..#########...........
.........##.. ##..###.....
.........#.# #### #.....
..........# #####.....
........### ##.........
#######.# #.###.#....


You could see an orc warrior (ally target) and an orc (ally target).

Vanquished Creatures
  An ogre (D:6)
  The ghost of Terrapin the Stinger, an amateur OpVM (D:3)
  A bullfrog (D:6)
  A scorpion (D:4)
  A centaur skeleton (D:4)
  2 hounds
  An orc priest (D:6)
  3 orc wizards
  6 worker ants
  A hound zombie (D:5)
  9 adders
  A white imp (D:6)
  3 ufetubi
  An ooze (D:3)
  2 adder skeletons
  2 worms
  4 dart slugs
  2 leopard geckos
  8 orcs
  4 giant cockroaches
  5 goblins
  7 hobgoblins
  9 jackals
  A quokka (D:6)
  A ball python (D:1)
  10 bats
  5 frilled lizards
  5 kobolds
  A quokka skeleton (D:6)
  8 rats
106 creatures vanquished.

Vanquished Creatures (collateral kills)
  A phantom (D:6)
  An orc (D:6)
  A ball python (D:6)
3 creatures vanquished.

Grand Total: 109 creatures vanquished

Notes
Turn   | Place    | Note
-------+----------+-------------------------------------------
     0 | D:5      | dolemite99 the Troll Delver began the quest for the Orb.
     0 | D:5      | Reached XP level 1. HP: 22/22 MP: 0/0
   356 | D:5      | Reached XP level 2. HP: 29/29 MP: 1/1
   394 | D:5      | Reached skill level 3 in Unarmed Combat
   411 | D:4      | Found a blossoming altar of Fedhas.
   420 | D:4      | Became a worshipper of Fedhas Madash
   552 | D:5      | Reached XP level 3. HP: 31/36 MP: 2/2
   603 | D:4      | Reached skill level 4 in Unarmed Combat
   666 | D:4      | Found a hazy altar of Hepliaklqana.
   933 | D:3      | Reached XP level 4. HP: 39/44 MP: 3/3
  1004 | D:3      | Found a white marble altar of Elyvilon.
  1509 | D:1      | Reached * piety under Fedhas
  2277 | D:2      | Reached skill level 5 in Unarmed Combat
  2653 | D:2      | Reached XP level 5. HP: 49/50 MP: 4/4
  2860 | D:3      | Noticed Terrapin's ghost (amateur OpVM)
  2873 | D:3      | Found a runed translucent gate.
  2873 | D:3      | Found a runed translucent gate.
  2873 | D:3      | Found a runed translucent gate.
  2889 | D:3      | Reached ** piety under Fedhas
  2954 | D:3      | Found a shimmering altar of Xom.
  2981 | D:3      | Found a sparkling altar of Nemelex Xobeh.
  3040 | D:3      | Found a bloodstained altar of Trog.
  3153 | D:3      | Reached skill level 1 in Invocations
  3436 | D:3      | Killed Terrapin's ghost
  3437 | D:3      | Reached XP level 6. HP: 40/59 MP: 6/6
  3606 | D:4      | Found a sacrificial altar of Ru.
  3793 | D:4      | Found a broken altar of Ashenzari.
  4395 | D:6      | Noticed an orc warrior
  4510 | D:6      | Reached XP level 7. HP: 64/66 MP: 9/9
  4573 | D:6      | Reached skill level 6 in Unarmed Combat
  4638 | D:6      | Reached *** piety under Fedhas
  4710 | D:6      | Found an ancient bone altar of Kikubaaqudgha.
  4725 | D:6      | Reached skill level 7 in Unarmed Combat
  4910 | D:6      | Found an ornate altar of the Wu Jian Council.
  5117 | D:6      | Mangled by an orc warrior

Illustrated notes

Levels and vault maps discovered:
D:1:      dpeg_arrival_stone_temple_mockup, layout_basic
D:2:      layout_basic
D:3:      layout_basic, nicolae_overflow_crystal_walls, bloody_trog,
          elyvilon_altar_1, overflow_temple_1_default, gammafunk_ghost_split,
          minmay_increasing_density
D:4:      layout_rooms, lemuel_doored_altar, overflow_temple_1_default,
          nicolae_overflow_hidden_temple, lemuel_crystal_altar
D:5:      layout_gridville
D:6:      layout_basic, marbit_many_paths, overflow_temple_1_default,
          vehumet_crystals, nzn_wu_jian_contemplation, portal_sewer_entry_e

Skill      XL: |  1  2  3  4  5  6  7 |
---------------+----------------------+-----
Unarmed Combat | 3 4 5 7 |  7.6
Invocations    | 2 4 |  4.2
Fighting       | |  2.4
Dodging        | |  1.5
Stealth        | |  2.7

Action                   |  1- 3 |  4- 6 |  7- 9 || total
-------------------------+-------+-------+-------++-------
Melee: Unarmed           |    51 |   184 |    36 ||   271
       Punch             |     2 |     4 |     2 ||     8
Throw: Javelin           |     2 |    22 |    15 ||    39
       Stone             |       |       |    15 ||    15
       Large rock        |       |       |     5 ||     5
Invok: Wall of Briars    |       |       |     1 ||     1
  Use: Potion            |     1 |       |     1 ||     2
 Stab: Sleeping          |     1 |     9 |     1 ||    11
Armor: Robe              |    21 |    54 |     5 ||    80
Dodge: Dodged            |    38 |   121 |    35 ||   194

Table legend: (Time is in decaauts)
 A = Elapsed time spent in this place.
 B = Non-inter-level travel time spent in this place.
 C = Inter-level travel time spent in this place.
 D = Time resting spent in this place.
 E = Time spent auto-exploring this place.
 F = Levels seen in this place.
 G = Mean time per level.
                   A        B        C        D        E       F      G
               +--------+--------+--------+--------+--------+-----+--------+
         Total |   5106 |   4935 |    171 |    824 |   2936 |   6 |  851.0 |
       Dungeon |   5106 |   4935 |    171 |    824 |   2936 |   6 |  851.0 |
               +--------+--------+--------+--------+--------+-----+--------+

Top non-repeatable levels by time:
     D:3: 1160 daAuts
     D:5: 984 daAuts
     D:1: 890 daAuts
     D:4: 766 daAuts
     D:6: 678 daAuts
     D:2: 628 daAuts
